 Dungeon Crawl Stone Soup version 0.21.0-3-g78d12a8 (webtiles) character file.

3581 letownia2 the Grappler (level 10, 58/58 HPs)
             Began as a Gargoyle Fighter on Jan 8, 2018.
             Quit the game on level 10 of the Dungeon.
             The game lasted 00:12:17 (7645 turns).

letownia2 the Grappler (Gargoyle Fighter)           Turns: 7645, Time: 00:12:18

Health: 58/58      AC: 18    Str: 21    XL:     10   Next: 10%
Magic:  10/10      EV:  9    Int: 11    God:
Gold:   371        SH:  0    Dex:  9    Spells: 9/9 levels left

rFire    . . .     SeeInvis .     - Unarmed
rCold    . . .     Gourm    .   (no shield)
rNeg     + . .     Faith    .   a - +0 scale mail
rPois    ∞         Spirit   .   f - +2 hat
rElec    +         Reflect  .   (no cloak)
rCorr    +         Harm     .   K - +0 pair of gloves
MR       .....                  (no boots)
Stlth    ..........             (no amulet)
HPRegen  0.19/turn              B - ring of resist corrosion
MPRegen  0.12/turn              t - ring of wizardry

@: no status effects
A: negative energy resistance 1, electricity resistance, unbreathing,
petrification resistance, rot immunity, AC +7
a: no special abilities


You were on level 10 of the Dungeon.
You were not hungry.

You visited 2 branches of the dungeon, and saw 9 of its levels.
You also visited: Ossuary.

You collected 371 gold pieces.

Inventory:

Hand Weapons
 l - a +0 blowgun
 M - a +0 blowgun
Missiles
 N - 17 poisoned needles
Armour
 a - a +0 scale mail (worn)
 b - a +0 shield
 f - a +2 hat (worn)
 G - a +3 chain mail
 K - a +0 pair of gloves (worn)
Magical Staves
 n - an uncursed staff of poison {unknown}
Jewellery
 r - an uncursed ring of magical power
 t - a ring of wizardry (right hand)
 B - a ring of resist corrosion (left hand)
Wands
 x - a wand of flame (27)
 I - a wand of acid (3)
Scrolls
 g - 10 scrolls of identify {unknown}
 k - 6 scrolls of teleportation {unknown}
 o - a scroll of noise {unknown}
 p - 2 scrolls of magic mapping {unknown}
 s - 2 scrolls of amnesia {unknown}
 w - a scroll of enchant armour {unknown}
 y - 2 scrolls of fear {unknown}
 A - 3 scrolls of remove curse {unknown}
 E - 2 scrolls of blinking {unknown}
 F - a scroll of immolation {unknown}
 H - a scroll of random uselessness {unknown}
 O - a scroll of enchant weapon {unknown}
Potions
 c - 2 potions of might
 e - a potion of flight {unknown}
 h - 3 potions of heal wounds {unknown}
 i - a potion of berserk rage {unknown}
 j - 5 potions of haste {unknown}
 m - 4 potions of cancellation {unknown}
 q - 2 potions of resistance {unknown}
 u - 2 potions of lignification {unknown}
 v - 2 potions of curing {unknown}
 z - a potion of mutation {unknown}
 C - a potion of magic {unknown}
 D - 4 potions of degeneration {unknown}
 J - a potion of ambrosia {unknown}
Comestibles
 d - 17 rations
 L - 2 chunks of flesh


   Skills:
 + Level 4.4 Fighting
 - Level 7.5 Armour
 - Level 3.2 Shields
 - Level 12.3 Unarmed Combat


You had 9 spell levels left.
You didn't know any spells.

Dungeon Overview and Level Annotations

Branches:
Dungeon (7/15)             Temple (1/1) D:6

Altars:
Ashenzari
Cheibriados
Dithmenos
Elyvilon
Fedhas
Hepliaklqana
Kikubaaqudgha
Makhleb
Nemelex Xobeh
Okawaru
Qazlal
Ru
Sif Muna
Trog
Uskayaw
Vehumet
Wu Jian
Xom
Yredelemnul
Zin
The Shining One

Shops:
D:4 *

Annotations:
D:3 1 runed door


Innate Abilities, Weirdness & Mutations

You are resistant to torment.
Your stone body is resilient. (AC +7)
You are immune to poison.
You resist negative energy. (rN+)
You are resistant to electric shocks. (rElec)
You can survive without breathing.
You are immune to petrification.
You are immune to rotting.


Message History

Key pressed, stopping explore.
You fall through a shaft for 3 floors!
The shaft crumbles and collapses.
A quokka comes into view.
Found a stone staircase leading up.
A quokka is nearby!
A quokka is nearby!
A quokka is nearby!
A quokka is nearby!
You hit the quokka.
You kill the quokka!
No target in view!
No target in view!
No target in view!
Put on which piece of jewellery? (? for menu, Esc to quit)
Okay, then.
Okay, then.
Wear which item? (? for menu, Esc to quit)
Okay, then.
Are you sure you want to abandon this character and quit the game? (Confirm with "yes".)

#########
#.......#
#.......#
+......<#
#....†@.#
#.......+
#.......#
###+#####


There were no monsters in sight!

Vanquished Creatures
  Prince Ribbit (D:6)
  Sigmund (D:2)
  Menkaure (D:7)
  An orc warrior (D:6)
  A sky beast (D:5)
  A black bear (D:4)
  A phantom (D:7)
  3 centaurs
  A big kobold (D:7)
  2 bullfrogs (D:6)
  3 scorpions
  4 killer bees (D:7)
  8 wights
  A howler monkey (D:5)
  2 crimson imps (D:6)
  A centaur zombie (Ossuary)
  6 bullfrog zombies (Ossuary)
  4 hounds
  5 orc priests
  The ghost of tidbits the Sneak, a weakling FeSu (D:5)
  A gnoll shaman (D:6)
  A centaur skeleton (D:6)
  A bullfrog skeleton (D:7)
  2 iguanas
  6 orc wizards
  5 worker ants
  A killer bee zombie (Ossuary)
  A hound zombie (Ossuary)
  18 mummies (Ossuary)
  A howler monkey zombie (Ossuary)
  A worker ant zombie (Ossuary)
  4 gnolls (D:6)
  7 adders
  An ooze (D:3)
  4 adder zombies
  3 worms
  A dart slug (D:2)
  4 leopard geckos
  26 orcs
  2 bats (D:3)
  5 giant cockroaches
  2 goblins
  6 hobgoblins
  A jackal (D:2)
  10 kobolds
  3 quokkas
  A ball python skeleton (D:4)
  A ball python zombie (Ossuary)
  2 frilled lizards (D:2)
  A jackal skeleton (D:4)
  A quokka skeleton (D:7)
  4 rats (D:2)
175 creatures vanquished.

Vanquished Creatures (others)
  3 withered plants (Ossuary)
3 creatures vanquished.

Grand Total: 178 creatures vanquished

Notes
Turn   | Place    | Note
-------+----------+-------------------------------------------
     0 | D:1      | letownia2 the Gargoyle Fighter began the quest for the Orb.
     0 | D:1      | Reached XP level 1. HP: 14/14 MP: 1/1
   216 | D:1      | Reached XP level 2. HP: 19/19 MP: 2/2
   243 | D:2      | Found a shattered altar of Ashenzari.
   282 | D:2      | Reached skill level 3 in Unarmed Combat
   579 | D:2      | Reached XP level 3. HP: 11/23 MP: 3/3
   584 | D:2      | Reached skill level 4 in Unarmed Combat
  1055 | D:3      | Reached XP level 4. HP: 15/28 MP: 4/4
  1225 | D:4      | Reached skill level 5 in Unarmed Combat
  1225 | D:4      | Reached XP level 5. HP: 29/32 MP: 5/5
  1268 | D:4      | Found an iron altar of Okawaru.
  1401 | D:4      | Found a shadowy altar of Dithmenos.
  1454 | D:3      | Found a sparkling altar of Nemelex Xobeh.
  1546 | D:4      | Reached skill level 6 in Unarmed Combat
  1546 | D:4      | Reached XP level 6. HP: 17/37 MP: 6/6
  1660 | D:4      | Noticed a black bear
  1670 | D:4      | Killed a black bear
  1670 | D:4      | Reached skill level 7 in Unarmed Combat
  1871 | D:4      | Found Udat's General Store.
  2077 | D:4      | Found a shimmering altar of Xom.
  2321 | D:5      | Entered Level 5 of the Dungeon
  2352 | D:5      | Noticed tidbits's ghost (weakling FeSu)
  2371 | D:5      | Killed tidbits's ghost
  2388 | D:5      | Reached XP level 7. HP: 37/41 MP: 7/7
  2817 | D:5      | Reached skill level 8 in Unarmed Combat
  3105 | D:5      | Found a bloodstained altar of Trog.
  3464 | D:6      | Found a white marble altar of Elyvilon.
  3498 | D:6      | Found a staircase to the Ecumenical Temple.
  3557 | Temple   | Entered the Ecumenical Temple
  3641 | D:6      | Reached skill level 9 in Unarmed Combat
  3641 | D:6      | Reached XP level 8. HP: 17/46 MP: 8/8
  3660 | D:6      | Found a sand-covered staircase.
  3796 | D:6      | HP: 2/46 [centaur (4)]
  4022 | Ossuary  | Entered an ossuary
  4312 | Ossuary  | Reached skill level 5 in Armour
  4606 | Ossuary  | Reached XP level 9. HP: 13/51 MP: 9/9
  5378 | D:2      | Noticed Sigmund
  5387 | D:2      | Killed Sigmund
  5387 | D:2      | Reached skill level 10 in Unarmed Combat
  5502 | D:2      | Found a shadowy altar of Dithmenos.
  5729 | D:3      | Found a runed door.
  6275 | D:6      | Found an iron altar of Okawaru.
  6411 | D:6      | Found a burning altar of Makhleb.
  6411 | D:6      | Noticed a green death
  6481 | D:6      | Noticed Prince Ribbit
  6550 | D:6      | Killed Prince Ribbit
  6550 | D:6      | Reached skill level 11 in Unarmed Combat
  7106 | D:7      | Noticed Menkaure
  7118 | D:7      | Killed Menkaure
  7146 | D:7      | Found a stormy altar of Qazlal.
  7214 | D:7      | Reached skill level 12 in Unarmed Combat
  7268 | D:7      | Reached XP level 10. HP: 55/56 MP: 10/10
  7642 | D:7      | You fall through a shaft for 3 floors!
  7642 | D:10     | Entered Level 10 of the Dungeon
  7645 | D:10     | Quit the game

Skill      XL: |  1  2  3  4  5  6  7  8  9 10 |
---------------+-------------------------------+-----
Unarmed Combat | 3 4 5 6 7 9 12 | 12.3
Armour         | 7 |  7.5
Fighting       | 4 |  4.4
Shields        | |  3.2

Action                   |  1- 3 |  4- 6 |  7- 9 | 10-12 || total
-------------------------+-------+-------+-------+-------++-------
Melee: Unarmed           |    93 |   140 |   557 |    31 ||   821
       Punch             |       |     1 |    29 |     3 ||    33
Evoke: Wand              |       |       |     7 |       ||     7
  Eat: Chunk             |       |     5 |    13 |     1 ||    19
       Ration            |       |       |     1 |       ||     1
Armor: Scale mail        |    47 |    85 |   272 |    25 ||   429
Dodge: Dodged            |    38 |    53 |   203 |    20 ||   314
